 Dungeon Crawl Stone Soup version 0.31.0-9-g3a7656b989 (webtiles) character file.

Game seed: 16420890103618089387

49 qw the Shooter (level 3, -6/29 HPs)
             Began as a Demigod Hunter on Feb 2, 2024.
             Succumbed to Robin's poison
             ... on level 2 of the Dungeon.
             The game lasted 00:00:04 (1251 turns).

qw the Shooter (Demigod Hunter)                     Turns: 1251, Time: 00:00:04

Health: -6/29      AC:  4    Str: 12    XL:     3   Next: 32%
Magic:  5/5        EV: 12    Int: 11    God:
Gold:   114        SH:  0    Dex: 21    Spells: 2/2 levels left

rFire   . . .        a - +0 shortbow
rCold   . . .        (shield currently unavailable)
rNeg    . . .        c - +0 leather armour
rPois   .            (no helmet)
rElec   .            (no cloak)
rCorr   .            g - +0 pair of gloves
SInv    .            (no boots)
Will    .....        (no amulet)
Stlth   ++           (no ring)
HPRegen 0.24/turn    (no ring)
MPRegen 0.09/turn

%: no passive effects
@: lethally poisoned (-6 -> -39)
A: high MP 1, forlorn, divine attributes
a: no special abilities


You were on level 2 of the Dungeon.
You visited 1 branch of the dungeon, and saw 2 of its levels.

You collected 114 gold pieces.


Innate Abilities, Weirdness & Mutations

You have an increased reservoir of magic. (+10% MP)
You shall have no god before yourself.
Your divine heritage dramatically boosts your attributes as you level up.


   Skills:
 - Level 2.0 Fighting
 + Level 4.6 Ranged Weapons
 - Level 2.0 Dodging
 - Level 0.8 Stealth


You had 2 spell levels left.
You didn't know any spells.
Your spell library was empty.

Inventory:

Hand Weapons
 a - a +0 shortbow (weapon)
Armour
 c - a +0 leather armour (worn)
 g - a +0 pair of gloves (worn)
 j - a +0 pair of boots
Jewellery
 f - a ring of fire
Scrolls
 b - 2 scrolls of enchant weapon {unknown}
 h - 2 scrolls of identify
 i - a scroll of enchant armour {unknown}
Potions
 d - a potion of mutation {unknown}
 e - 2 potions of curing {unknown}

Dungeon Overview and Level Annotations

Branches:
Dungeon (2/15)

Annotations:
D:2 Robin


Message History

You shoot an arrow. The arrow barely misses the hobgoblin.
The arrow closely misses the goblin.
The arrow barely misses Robin.
The hobgoblin misses you. The goblin misses you.
You shoot an arrow. The arrow hits the hobgoblin!
You kill the hobgoblin!
The goblin misses you.
You shoot an arrow. The arrow hits the goblin.
You kill the goblin!
The goblin barely misses you.
You shoot an arrow. The arrow closely misses the goblin.
Robin completely misses you. The goblin barely misses you.
The goblin misses you.
Robin's horned helmet rattles.
Robin barely misses you.
You shoot an arrow. The arrow closely misses the goblin.
Robin barely misses you. The goblin hits you with a +0 dagger.
You shoot an arrow. The arrow completely misses the goblin.
The goblin barely misses you. Robin closely misses you.
You shoot an arrow. The arrow hits the goblin.
You kill the goblin!
Robin hits you from afar with a +0 trident of venom.
You are poisoned.
You shoot an arrow. The arrow hits Robin.
Robin is heavily wounded.
You feel very sick. Robin completely misses you.
You shoot an arrow. The arrow closely misses Robin.
You feel sick.
Robin hits you from afar with a +0 trident of venom.
You are lethally poisoned!
You shoot an arrow. The arrow hits Robin.
Robin is heavily wounded.
You feel very sick.
Robin hits you from afar with a +0 trident of venom.
You are more poisoned.
Robin hits you from afar with a +0 trident of venom.
You are more poisoned.
You shoot an arrow. The arrow hits Robin!
Robin is almost dead.
You die...

#.# #.# ####.########
#.###.####............
#.##.......##..###.###
#.##..######...###....
#.##.># #..>..######
#.##..# ##...#######
#.....# ##.........
####.## #.########
#...)@# #.# #..>.
#.###)# ##'## #.### #
#g# ##...###.# #)#
##.....##.# ..#
#.....%.#.# $##
#..........# .
.'..........# ).
###..........#
##.......#...


You could see Robin.

Vanquished Creatures
  An adder (D:2)
  2 endoplasms
  10 goblins
  3 hobgoblins (D:2)
  5 kobolds
  A quokka (D:1)
  2 ball pythons (D:1)
  10 bats
  A frilled lizard (D:1)
  2 rats
37 creatures vanquished.

Vanquished Creatures (others)
  A ghoul (D:1)
  A minotaur (D:1)
  A demonspawn (D:1)
  A vine stalker (D:1)
  A vampire (D:1)
  A spriggan (D:1)
  3 onis (D:1)
  A felid (D:1)
  2 kobolds (D:1)
  16 tentacles (D:1)
28 creatures vanquished.

Grand Total: 65 creatures vanquished

Notes
Turn   | Place    | Note
-------+----------+-------------------------------------------
     0 | D:1      | qw the Demigod Hunter began the quest for the Orb.
     0 | D:1      | Reached XP level 1. HP: 17/17 MP: 3/3
     0 | D:1      | Noticed a spriggan
     0 | D:1      | Noticed a vine stalker
     0 | D:1      | Noticed an oni
     0 | D:1      | Noticed a felid
     0 | D:1      | Noticed a ghoul
     0 | D:1      | Noticed an oni
     0 | D:1      | Noticed a kraken
     0 | D:1      | Noticed a minotaur
     0 | D:1      | Noticed an oni
     0 | D:1      | Noticed a demonspawn
     0 | D:1      | Noticed a vampire
     0 | D:1      | 0 ||| qw: Version: 0.3-a-155-g5e7d8dd
     0 | D:1      | 0 ||| qw: Game counter: 452
     0 | D:1      | 0 ||| qw: Melee chars always use a shield: true
     0 | D:1      | 0 ||| qw: God list: Okawaru
     0 | D:1      | 0 ||| qw: Allow faded altars: false
     0 | D:1      | 0 ||| qw: Do Orc after clearing Dungeon:15 true
     0 | D:1      | 0 ||| qw: Do second Lair branch before Depths: true
     0 | D:1      | 0 ||| qw: Lair rune preference: random
     0 | D:1      | 0 ||| qw: Goals: Normal
     0 | D:1      | 0 ||| PLANNING D:1-11
     2 | D:1      | 2 ||| DROPPING scroll of butterflies.
     3 | D:1      | Killed a spriggan
     4 | D:1      | Killed a felid
     5 | D:1      | Killed an oni
     7 | D:1      | Killed a vine stalker
     8 | D:1      | Killed an oni
     9 | D:1      | Killed a ghoul
    10 | D:1      | Killed a minotaur
    11 | D:1      | Killed a vampire
    14 | D:1      | Killed a demonspawn
    17 | D:1      | Killed an oni
   202 | D:1      | Reached skill level 4 in Ranged Weapons
   288 | D:1      | Reached XP level 2. HP: 24/24 MP: 4/4
   449 | D:1      | 449 ||| UPGRADING to +0 pair of gloves.
   454 | D:1      | 454 ||| DROPPING ring of flight.
   455 | D:1      | 455 ||| READING scroll labelled VOELOTRAHUN.
   456 | D:1      | 456 ||| READING scroll labelled TOHOIH QEMIERO.
   457 | D:1      | 457 ||| READING scroll labelled UCOGHOCVEA.
   558 | D:1      | 558 ||| READING 2 scrolls labelled VEPU LESAH.
   926 | D:2      | Reached XP level 3. HP: 29/29 MP: 5/5
  1234 | D:2      | Noticed Robin
  1250 | D:2      | HP: 3/29 [Robin/+0 trident of venom (5)]
  1251 | D:2      | Succumbed to Robin's poison

Levels and vault maps discovered:
D:1:      nicolae_arrival_kraken_aquarium_a, layout_basic, chequers_garden
D:2:      layout_loops_corners, uniq_robin

Skill      XL: |  1  2  3 |
---------------+----------+-----
Ranged Weapons | 4 |  4.6
Fighting       | 2 |  2.0
Dodging        | 2 |  2.0
Stealth        | |  0.8

Action                     || total
---------------------------++-------
   Fire: Shortbow          ||   102
    Use: Scroll            ||     4
 Armour: Leather armour    ||    41
  Dodge: Dodged            ||    57

Table legend:
 A = Non-vault XP
 B = Vault XP
 C = Vault XP percentage of total XP
 D = Non-vault monster count
 E = Vault monster count
 F = Vault count percentage of total count
                 A         B        C        D         E       F
            +---------+---------+-------+---------+---------+-------
      Total |      51 |      19 |  27.1 |      27 |      10 |  27.0
            +---------+---------+-------+---------+---------+-------
        D:1 |      20 |       0 |   0.0 |      13 |       0 |   0.0
        D:2 |      31 |      19 |  38.0 |      14 |      10 |  41.7
            +---------+---------+-------+---------+---------+-------
